 Dungeon Crawl Stone Soup version 0.20.0 (webtiles) character file.

6036 Blackhawk the Cleaver (level 10, 0/80 HPs)
             Began as a White Draconian Berserker on July 20, 2017.
             Was a High Priest of Trog.
             Slain by an orc warrior
             ... wielding a +2 flail of holy wrath
              (14 damage)
             ... on level 9 of the Dungeon.
             The game lasted 00:29:29 (10740 turns).

Blackhawk the Cleaver (White Draconian Berserker)  Turns: 10740, Time: 00:29:30

Health: 0/80       AC:  7    Str: 23    XL:     10   Next: 56%
Magic:  10/10      EV: 13    Int:  9    God:    Trog [*****.]
Gold:   301        SH:  0    Dex: 11    Spells: 9/9 levels left

rFire    . . .     SeeInvis .   a - +0 hand axe
rCold    + . .     Gourm    .   (no shield)
rNeg     . . .     Faith    .   (armour unavailable)
rPois    .         Spirit   .   (helmet restricted)
rElec    .         Reflect  .   (no cloak)
rCorr    .         Harm     .   (no gloves)
MR       .....                  (no boots)
Stlth    +.........             (no amulet)
Regen    0.3/turn               r - +2 ring of intelligence
MPRegen  0.2/turn               (no ring)

@: no status effects
A: breathe frost, unfitting armour, cold resistance 1, cold-blooded, AC +7
a: Breathe Frost, Berserk, Trog's Hand, Brothers in Arms, Burn Spellbooks,
Renounce Religion


You were on level 9 of the Dungeon.
You worshipped Trog.
Trog was extremely pleased with you.
You were not hungry.

You visited 1 branch of the dungeon, and saw 9 of its levels.

You collected 526 gold pieces.
You spent 225 gold pieces at shops.

Inventory:

Hand Weapons
 a - a +0 hand axe (weapon)
 i - a +10 arbalest
 w - a +0 shortbow of freezing
 G - a +0 mace
 K - a +0 hand axe
 O - a +0 hand axe
 P - a +1 hand axe of chopping
Missiles
 l - 92 arrows
Armour
 q - a +0 scale mail
Jewellery
 r - a +2 ring of intelligence (left hand)
 F - an uncursed ring of protection from fire {unknown}
 M - an uncursed ring of wizardry {unknown}
 N - an uncursed ring of fire {unknown}
Wands
 H - a wand of flame (34/48)
 I - a wand of flame (30/48)
 J - a wand of polymorph (16/24)
Scrolls
 f - 3 scrolls of identify
 m - 3 scrolls of enchant armour {unknown}
 t - 2 scrolls of fog {unknown}
 v - a scroll of noise {unknown}
 x - 2 scrolls of magic mapping
 y - a scroll of brand weapon {unknown}
 z - a scroll of enchant weapon {unknown}
 C - a scroll of random uselessness {unknown}
 D - a scroll of blinking {unknown}
Potions
 c - 3 potions of might
 e - 5 potions of curing {unknown}
 h - 4 potions of mutation
 j - 4 potions of haste {unknown}
 k - a potion of lignification {unknown}
 o - 3 potions of brilliance {unknown}
 p - a potion of invisibility {unknown}
 s - 2 potions of heal wounds {unknown}
 u - 2 potions of ambrosia {unknown}
 A - a potion of agility {unknown}
 B - 2 potions of flight {unknown}
 E - a potion of resistance {unknown}
Comestibles
 b - 8 bread rations
 d - 7 royal jellies
 g - 29 fruits
 n - 2 meat rations


   Skills:
 - Level 4.4 Fighting
 + Level 14.0 Axes
 * Level 5.3 Crossbows
 - Level 3.4 Dodging
 - Level 1.0 Stealth


You had 9 spell levels left.
You didn't know any spells.

Dungeon Overview and Level Annotations

Branches:
Dungeon (9/15)             Temple (0/1) D:6             Orc (0/2) D:9
   Lair: D:8-11

Altars:
Ashenzari
Cheibriados
Dithmenos
Elyvilon
Fedhas
Makhleb
Nemelex Xobeh
Uskayaw
Xom
Yredelemnul
The Shining One

Shops:
D:4 (

Annotations:
D:9 exclusion: ice statue


Innate Abilities, Weirdness & Mutations

You can breathe waves of freezing cold.
You can buffet flying creatures when you breathe cold.
Your icy white scales are hard. (AC +7)
You cannot fit into any form of body armour.
Your flesh is cold resistant. (rC+)
You are cold-blooded and may be slowed by cold attacks.


Message History

The orc warrior closely misses you.
You barely miss the orc warrior.
The orc warrior is lightly wounded.
You hit the orc warrior.
The orc warrior is lightly wounded.
The orc warrior hits you with a long sword.
You hit the orc warrior but do no damage.
The orc warrior is lightly wounded.
You hit the orc warrior but do no damage.
You slash the orc warrior!
The orc warrior is moderately wounded.
You closely miss the orc warrior.
The orc warrior hits you with a long sword!
The orc warrior hits you with a flail of holy wrath!
* * * LOW HITPOINT WARNING * * *
You are too injured to fight recklessly!
You are too injured to fight recklessly!
The orc warrior misses you.
The orc warrior hits you with a flail of holy wrath!
You die...

#.......## #...........####
##.......# ##...#....#####.
####...##..####...########...
#...#### #..[.##)## ##..##
#...# ####....# #..##
#...###########..## #.##
#...##............# ###.#
#..).#....(..o..#.# ##..<#
#..........o@o..#.###..### #
#...##.......o..#....>## #
#...##..........o...#### #
#...#######.....>......## ##
##########..#...........####.
#......###....o...#..#...
#.##..≈≈≈≈≈..##....#.....
##≈≈≈≈4≈≈###.........#
#≈≈..5≈≈##..####.(.##


You could see 2 orc warriors and 4 orcs.

Vanquished Creatures
  The ghost of Kave the Grappler, a novice TrTm of Sif Muna (D:8)
  A two-headed ogre (D:8)
  3 hippogriffs
  A water moccasin (D:7)
  4 sky beasts
  A phantom (D:5)
  An orc warrior (D:8)
  3 ice beasts
  4 ogres
  5 centaurs
  3 big kobolds
  4 bullfrogs
  6 scorpions
  A wyvern skeleton (D:7)
  2 water moccasin skeletons
  3 killer bees (D:7)
  4 wights (D:7)
  2 howler monkeys
  2 centaur zombies
  6 crimson imps
  2 jellies
  2 orc priests
  A bullfrog skeleton (D:5)
  5 hounds
  2 iguanas (D:7)
  Jessica (D:2)
  Natasha (thrice) (D:2)
  5 orc wizards
  9 worker ants
  A worker ant zombie (D:6)
  A howler monkey skeleton (D:7)
  10 adders
  2 shadow imps
  2 adder zombies (D:7)
  An adder skeleton (D:7)
  3 worms
  A dart slug (D:2)
  6 leopard geckos
  29 orcs
  5 bats
  7 giant cockroaches
  2 goblins
  6 hobgoblins
  14 kobolds
  3 quokkas
  7 frilled lizards
  9 rats
196 creatures vanquished.

Vanquished Creatures (others)
  2 rats (D:2)
2 creatures vanquished.

Grand Total: 198 creatures vanquished

Notes
Turn   | Place    | Note
-------+----------+-------------------------------------------
     0 | D:1      | Blackhawk the Draconian Berserker began the quest for the Orb.
     0 | D:1      | Reached XP level 1. HP: 19/19 MP: 1/1
   705 | D:2      | Noticed Natasha
   715 | D:2      | HP: 1/28 [Natasha (5)]
   716 | D:2      | Killed Natasha
   716 | D:2      | Reached XP level 2. HP: 2/27 MP: 2/2
   716 | D:2      | Reached XP level 3. HP: 2/33 MP: 3/3
  1029 | D:2      | Found a white marble altar of Elyvilon.
  1060 | D:2      | Noticed Natasha
  1066 | D:2      | Killed Natasha
  1066 | D:2      | Reached XP level 4. HP: 24/40 MP: 4/4
  1114 | D:2      | Noticed Natasha
  1119 | D:2      | Noticed Jessica
  1124 | D:2      | HP: 3/60 [Natasha (7)]
  1126 | D:2      | Killed Natasha
  1126 | D:2      | Reached skill level 4 in Axes
  1128 | D:2      | Killed Jessica
  1128 | D:2      | Reached ** piety under Trog
  1128 | D:2      | Reached skill level 1 in Stealth
  1470 | D:2      | Found a white marble altar of Elyvilon.
  1692 | D:3      | Reached XP level 5. HP: 47/47 MP: 5/5
  1785 | D:3      | Found a burning altar of Makhleb.
  2019 | D:3      | Reached skill level 5 in Axes
  2453 | D:4      | Found Oddyatiz's Antique Weapon Shop.
  2528 | D:4      | Found a sparkling altar of Nemelex Xobeh.
  2540 | D:4      | Noticed an ogre
  2549 | D:4      | Killed an ogre
  2549 | D:4      | Reached XP level 6. HP: 28/53 MP: 6/6
  2663 | D:4      | Found a glowing golden altar of the Shining One.
  2869 | D:4      | Reached skill level 6 in Axes
  3100 | D:4      | Found a shimmering altar of Xom.
  3167 | D:4      | Reached skill level 7 in Axes
  3167 | D:4      | Your scales start taking on an icy white colour.
  3167 | D:4      | Reached XP level 7. HP: 21/60 MP: 7/7
  3167 | D:4      | Gained mutation: Your flesh is cold resistant. (rC+) [White Draconian growth]
  3761 | D:4      | Reached *** piety under Trog
  4004 | D:4      | Bought a runed arbalest for 225 gold pieces
  4012 | D:5      | Entered Level 5 of the Dungeon
  4064 | D:5      | Reached skill level 8 in Axes
  4340 | D:5      | Reached skill level 1 in Crossbows
  4340 | D:5      | Reached XP level 8. HP: 56/67 MP: 8/8
  4606 | D:5      | Reached skill level 9 in Axes
  4807 | D:5      | Found a shattered altar of Ashenzari.
  5334 | D:5      | Reached skill level 10 in Axes
  5353 | D:5      | Found a basalt altar of Yredelemnul.
  5637 | D:6      | Found a blossoming altar of Fedhas.
  5804 | D:6      | Found a staircase to the Ecumenical Temple.
  5929 | D:6      | Reached XP level 9. HP: 63/72 MP: 9/9
  6075 | D:6      | Reached skill level 11 in Axes
  6981 | D:7      | Reached **** piety under Trog
  7269 | D:7      | Reached skill level 12 in Axes
  7593 | D:7      | Found a burning altar of Makhleb.
  7594 | D:7      | Found a shadowy altar of Dithmenos.
  7998 | D:7      | Found a hide-covered altar of Uskayaw.
  8406 | D:8      | Found a sand-covered staircase.
  8566 | D:8      | Found a snail-covered altar of Cheibriados.
  8590 | D:8      | Noticed Kave's ghost (novice TrTm)
  8618 | D:8      | Killed Kave's ghost
  8618 | D:8      | Reached skill level 13 in Axes
  8618 | D:8      | Reached XP level 10. HP: 28/80 MP: 10/10
  9131 | D:8      | Noticed a two-headed ogre
  9145 | D:8      | Killed a two-headed ogre
  9145 | D:8      | Reached skill level 5 in Crossbows
 10203 | D:9      | Noticed an ice statue
 10287 | D:9      | Reached ***** piety under Trog
 10334 | D:9      | Received a gift from Trog
 10334 | D:9      | Reached skill level 14 in Axes
 10358 | D:9      | Found a staircase to the Orcish Mines.
 10740 | D:9      | Slain by an orc warrior

Skill      XL: |  1  2  3  4  5  6  7  8  9 10 |
---------------+-------------------------------+-----
Dodging        | 3 |  3.4
Fighting       | 4 |  4.4
Axes           | 4 5 7 8 10 13 14 | 14.0
Stealth        | 1 |  1.0
Crossbows      | 1 2 4 5 |  5.3

Action                   |  1- 3 |  4- 6 |  7- 9 | 10-12 || total
-------------------------+-------+-------+-------+-------++-------
Melee: Hand axe          |    48 |   191 |   606 |   233 ||  1078
       Tailslap          |     4 |    27 |    84 |    36 ||   151
Invok: Berserk           |     2 |     1 |     6 |     2 ||    11
  Use: Scroll            |       |       |     6 |       ||     6
 Stab: Sleeping          |     1 |     2 |     2 |       ||     5
  Eat: Chunk             |     1 |     9 |    18 |     9 ||    37
       Bread ration      |       |       |     1 |       ||     1
       Fruit             |       |       |       |     1 ||     1
Armor: Skin              |    12 |    60 |   130 |    46 ||   248
Dodge: Dodged            |    25 |    99 |   287 |   114 ||   525
